AoeStats
← King L

Nomad

510650260Analyzed
3v3 RM · 1d ago on Oct 2, 2026· 75m 35s· 6 players
Game mode
Random Map
Map size
210×210
Population
200
Speed
Normal
Resources
Standard
Victory
Conquest
Starting age
Dark Age
Ending age
Imperial Age
RankedLock teamsTeams togetherTeam positionsShared explorationLock speedFull tech treeHidden civsTurbo modeCheats
Victory
Defeat
🇨🇴 Berbers · Colombia
1078
+15
🇨🇱 Poles · Chile
1066
+15
🇦🇺 Vietnamese · Australia
1057
+15
🇨🇱 Chinese · Chile
1061
-15
🇨🇱 Italians · Chile
1058
-16
🇨🇱 Malians · Chile
1018
-14
King L
5:38 Loom
14:49 Feudal Age
16:45 Man-at-Arms
20:08 Forging
20:04 Double-Bit Axe
21:25 Scale Mail Armor
22:20 Fletching
28:39 Castle Age
36:39 Wheelbarrow
47:11 Ballistics
52:47 Stone Mining
52:48 Gold Mining
53:13 Bodkin Arrow
54:24 Padded Archer Armor
55:53 Elite Skirmisher
57:56 Medium Warships
60:34 Bow Saw
61:20 Leather Archer Armor
61:10 Scale Barding Armor
66:56 Imperial Age
68:41 Chemistry
72:00 Bloodlines
Mavch31
4:49 Loom
13:46 Feudal Age
22:50 Castle Age
23:17 Double-Bit Axe
25:57 Fishing Lines
28:36 Fletching
28:48 Scale Mail Armor
30:15 Wheelbarrow
32:04 Tigui
32:23 Squires
36:57 Bow Saw
37:35 Forging
41:05 Imperial Age
42:46 Iron Casting
42:28 Chain Mail Armor
42:16 Murder Holes
42:50 Gold Mining
42:51 Stone Mining
45:11 Chemistry
45:05 Hand Cart
47:46 Elite Skirmisher
48:32 Thumb Ring
50:32 Bodkin Arrow
50:38 Padded Archer Armor
52:47 Bloodlines
52:31 Light Cavalry
53:13 Husbandry
55:44 Elite Gbeto
59:33 Farimba
62:04 Ballistics
62:39 Conscription
62:56 Plate Mail Armor
63:46 Leather Archer Armor
68:47 Heavy Camel Rider
tuto
3:25 Loom
12:27 Feudal Age
13:34 Double-Bit Axe
21:03 Castle Age
20:39 Gold Mining
24:58 Light Cavalry
26:18 Bloodlines
26:47 Husbandry
27:25 Wheelbarrow
27:27 Squires
28:32 Stone Mining
29:14 Fletching
30:58 Scale Barding Armor
32:03 Bodkin Arrow
40:42 Imperial Age
39:25 Town Watch
39:55 Hand Cart
40:54 Forging
42:47 Arson
45:03 Ballistics
46:44 Chemistry
49:18 Masonry
54:06 Rocketry
54:17 Rocketry
55:00 Bracer
56:00 Rocketry
58:33 Scale Mail Armor
59:09 Iron Casting
62:34 Blast Furnace
61:49 Chain Mail Armor
66:03 Chain Barding Armor
67:39 Heavy Scorpion
69:55 Plate Mail Armor
69:54 Bow Saw
74:09 Architecture
Correa Vergara
5:42 Loom
14:12 Feudal Age
18:02 Horse Collar
21:09 Castle Age
20:58 Fletching
40:53 Stone Mining
46:49 Heavy Plow
49:40 Szlachta Privileges
49:48 Bloodlines
51:30 Husbandry
54:31 Wheelbarrow
54:05 Scale Barding Armor
55:20 Chain Barding Armor
57:33 Forging
60:29 Hand Cart
62:45 Imperial Age
60:01 Town Watch
62:40 Iron Casting
63:41 Cavalier
65:31 Blast Furnace
68:18 Light Cavalry
70:53 Elite Obuch
71:40 Winged Hussar
73:54 Crop Rotation
73:11 Double-Bit Axe
LeonSuarez
13:44 Loom
16:47 Feudal Age
23:36 Castle Age
23:23 Fletching
27:30 Fishing Lines
32:19 Bloodlines
32:07 Gillnets
32:31 Horse Collar
32:37 Double-Bit Axe
36:03 Forging
38:34 Wheelbarrow
38:53 Bow Saw
42:48 Imperial Age
41:30 Thumb Ring
41:42 Heavy Plow
41:35 Gold Mining
43:53 Ballistics
43:37 Heavy Cavalry Archer
45:57 Chemistry
44:53 Bodkin Arrow
45:49 Padded Archer Armor
47:08 Hand Cart
48:30 Husbandry
49:10 Bracer
49:49 Leather Archer Armor
50:43 Light Cavalry
53:26 Crop Rotation
52:40 Hussar
53:57 Iron Casting
55:15 Town Watch
57:45 Blast Furnace
57:17 Ring Archer Armor
61:08 Conscription
61:19 Conscription
64:14 Scale Barding Armor
66:14 Chain Barding Armor
67:44 Siege Engineers
Will.I.Am
6:38 Loom
15:20 Feudal Age
17:44 Gold Mining
17:58 Horse Collar
18:15 Double-Bit Axe
21:13 Fletching
21:25 Padded Archer Armor
23:49 Castle Age
23:21 Town Watch
24:22 Wheelbarrow
23:54 Crossbowman
26:30 Bodkin Arrow
28:34 Thumb Ring
31:45 Hand Cart
35:07 Ballistics
37:56 Husbandry
38:34 Bloodlines
40:03 Bow Saw
39:34 Horse Collar
39:45 Stone Mining
42:02 Town Patrol
45:49 Stone Shaft Mining
45:19 Heavy Plow
46:07 Forging
46:03 Scale Barding Armor
50:00 Light Cavalry
55:32 Elite Skirmisher
57:27 Treadmill Crane
57:42 Murder Holes
61:46 Imperial Age
60:37 Leather Archer Armor
60:57 Iron Casting
60:44 Squires
62:18 Chain Barding Armor
62:22 Imperial Skirmisher
63:55 Cavalier
66:07 Bracer
67:32 Paper Money
66:36 Elite Rattan Archer
66:43 Arbalester
69:46 Chemistry
70:12 Scale Mail Armor
75:03 Caravan
75:34 Coinage
Connection lost

Rejoining the realm…

Still unreachable

The connection could not be restored.

Session expired

The server has moved on; the page needs a fresh start.